AoeStats
← VaporingCat7235

Arabia

510058242Analyzed
1v1 RM · 3d ago on Sep 29, 2026· 24m 45s· 2 players
Game mode
Random Map
Map size
Tiny (2 player)
Population
200
Speed
Normal
Resources
Standard
Victory
Conquest
Starting age
Dark Age
Ending age
Imperial Age
RankedLock teamsTeams togetherTeam positionsShared explorationLock speedFull tech treeHidden civsTurbo modeCheats
Victory
Defeat
🇪🇸 Vietnamese · Spain
1010
+16
🇪🇸 Franks · Spain
1000
-48
VaporingCat7235
14:34 Feudal Age
15:17 Loom
drp0019
8:31 Loom
11:07 Feudal Age
11:46 Double-Bit Axe
16:10 Town Watch
20:59 Forging
23:12 Castle Age
22:48 Horse Collar
23:03 Gold Mining
23:17 Scale Mail Armor
23:13 Fletching
25:17 Squires
Connection lost

Rejoining the realm…

Still unreachable

The connection could not be restored.

Session expired

The server has moved on; the page needs a fresh start.